 Dungeon Crawl Stone Soup version 0.31-a0-204-g7da18cac08 (webtiles) character file.

Game seed: 13232159802074115369

4004 qw the Markself (level 10, -7/56 HPs)
             Began as a Deep Elf Hunter on June 26, 2023.
             Was a Follower of Okawaru.
             Killed from afar by an orc wizard (9 damage)
             ... with a magic dart
             ... on level 8 of the Dungeon on June 27, 2023.
             The game lasted 00:03:16 (6074 turns).

qw the Markself (Deep Elf Hunter)                   Turns: 6074, Time: 00:03:17

Health: -7/56      AC: 12    Str: 12    XL:     10   Next: 3%
Magic:  13/15      EV: 19    Int: 15    God:    Okawaru [*.....]
Gold:   259        SH:  0    Dex: 24    Spells: 9/9 levels left

rFire   . . .        Y - +0 orcbow (flame)
rCold   . . .        (shield currently unavailable)
rNeg    + . .        n - +1 ring mail of the Guilds {Contam +Blink rElec rN+}
rPois   +            j - +1 helmet
rElec   +            (no cloak)
rCorr   .            g - +2 pair of gloves
SInv    .            (no boots)
Will    +....        (no amulet)
Stlth   +++          a - +6 ring of dexterity
HPRegen 0.29/turn    h - ring of poison resistance
MPRegen 0.14/turn

%: no passive effects
@: lethally poisoned (-7 -> -9), heroic
A: screaming 1
a: Renounce Religion, Evoke Blink, Heroism


You were on level 8 of the Dungeon.
You worshipped Okawaru.
Okawaru was aware of your devotion.
You visited 2 branches of the dungeon, and saw 9 of its levels.
You also visited: Ossuary.

You collected 373 gold pieces.
You spent 114 gold pieces at shops.


Innate Abilities, Weirdness & Mutations

You occasionally shout uncontrollably at your foes.


   Skills:
 - Level 4.0(9.0) Fighting
 + Level 15.8(20.8) Ranged Weapons
 - Level 1.2(6.2) Armour
 - Level 7.1(12.1) Dodging
 - Level 1.2(6.2) Stealth
 - Level 4.0 Invocations


You had 9 spell levels left.
You didn't know any spells.
Your spell library was empty.

Inventory:

Hand Weapons
 Y - a +0 orcbow of flaming (weapon)
Armour
 g - a +2 pair of gloves (worn)
 j - a +1 helmet (worn)
 n - the +1 ring mail of the Guilds (worn) {Contam +Blink rElec rN+}
   (You found it on level 4 of the Dungeon)

   rElec:     It insulates you from electricity.
   rN:        It protects you from negative energy.
   +Blink:    It lets you blink.
   Contam:    It causes magical contamination when unequipped.
Jewellery
 a - a +6 ring of dexterity (left hand)
 b - a ring of willpower
 h - a ring of poison resistance (right hand)
 m - a ring of protection from cold
 q - a ring of positive energy
Scrolls
 k - a scroll of identify
Potions
 c - a potion of cancellation
 d - a potion of berserk rage {unknown}
 f - 2 potions of haste
 i - a potion of enlightenment
 o - 2 potions of might
 p - 2 potions of mutation
 r - a potion of resistance {unknown}

Dungeon Overview and Level Annotations

Branches:
Dungeon (8/15)             Temple (1/1) D:5            Lair (0/5) D:8
Ossuary (visited)

Altars:
Ashenzari
Cheibriados
Dithmenos
Elyvilon
Fedhas
Gozag
Hepliaklqana
Kikubaaqudgha
Okawaru
Qazlal
Ru
Sif Muna
Trog
Wu Jian
Xom
Yredelemnul
Zin
The Shining One

Shops:
D:4 *

Annotations:
D:3 1 runed translucent door, Crazy Yiuf


Message History

You kill the bullfrog!
Okawaru accepts your kill.
You feel sick.
A nearby plant withers and dies.
The killer bee barely misses you. x2; The killer bee misses you.
The killer bee closely misses you. Something hits you but does no damage.
The orc wizard gestures wildly while chanting.
The orc wizard flickers and vanishes!
The orc completely misses you. Something hits you.
You shoot an arrow.
The arrow closely misses the killer bee.
You feel sick. The killer bee stings you. The killer bee stings you!
The killer bee closely misses you. The killer bee misses you.
The killer bee stings you but does no damage. x3
The killer bee barely misses you. The killer bee misses you.
The killer bee stings you but does no damage.
Something hits you. The orc misses you. Something closely misses you.
You shoot an arrow. The arrow hits the killer bee!
The arrow burns the killer bee.
You kill the killer bee!
Okawaru accepts your kill.
You feel sick. The killer bee barely misses you.
The killer bee stings you but does no damage.
The killer bee closely misses you. x2; The killer bee barely misses you.
The killer bee stings you but does no damage.
The killer bee closely misses you. The killer bee completely misses you.
Something hits you. The orc closely misses you.
Something hits you but does no damage.
You shoot an arrow. The arrow misses the killer bee.
You feel sick. The killer bee completely misses you. The killer bee stings you.
The killer bee closely misses you. The killer bee misses you.
You shoot an arrow.
The arrow hits the killer bee but does no damage.
You feel sick. The killer bee closely misses you.
The killer bee completely misses you. x2
The killer bee stings you but does no damage.
Something hits you but does no damage.
You hear some strange, mumbled words.
A magic dart appears from out of thin air!
The magic dart hits you!
You die...

.PP..PPP##.......##..
.....P.....###......##..
..P...P.P...##.......#..
.....P......#.......##..
.>..P.P.....####....##..
.P.P.P......###.........
........P...##..........
......y.%..[%...........
.....oo@y..#####....##..
......yy{..# ###### ..
.......{.### .
.....$...# P.P...$.##
......[.# .#.......
##.....# #.....


You could see 4 killer bees and 2 orcs.

Vanquished Creatures
  Pikel (D:5)
  A komodo dragon (D:8)
  Grinder (D:5)
  A wraith (D:6)
  A water moccasin (D:8)
  2 black bears (D:8)
  An ice beast (D:5)
  A centaur (D:5)
  An ogre (D:5)
  2 lemures (D:5)
  A phantom (D:6)
  4 elf zombies (Ossuary)
  4 bullfrogs (D:8)
  4 scorpions
  3 wights (D:6)
  2 killer bees (D:8)
  A howler monkey (D:4)
  5 centaur zombies (Ossuary)
  5 orc priests
  A gnoll bouda (D:7)
  A jelly (D:5)
  3 human zombies (Ossuary)
  5 hounds
  3 iguanas
  Ijyb (D:5)
  4 orc wizards
  A sleepcap (D:6)
  Natasha (thrice) (D:3)
  4 mummies
  11 gnolls
  7 adders
  A shadow imp (D:5)
  A white imp (D:6)
  An ufetubus (D:6)
  2 worms
  6 dart slugs
  22 orcs
  5 endoplasms
  2 giant cockroaches
  7 goblins
  6 hobgoblins
  3 jackals (D:1)
  5 kobolds
  7 quokkas
  9 ball pythons
  13 bats
  4 frilled lizards
  3 rats
182 creatures vanquished.

Notes
Turn   | Place    | Note
-------+----------+-------------------------------------------
     0 | D:1      | qw the Deep Elf Hunter began the quest for the Orb.
     0 | D:1      | Reached XP level 1. HP: 12/12 MP: 3/3
     0 | D:1      | 0 ||| qw: Version: 0.3-a-22-g0ed2b0b
     0 | D:1      | 0 ||| qw: Game counter: 6355
     0 | D:1      | 0 ||| qw: Melee chars always use a shield: true
     0 | D:1      | 0 ||| qw: God list: Okawaru
     0 | D:1      | 0 ||| qw: Allow faded altars: false
     0 | D:1      | 0 ||| qw: Do Orc after clearing Dungeon:15 true
     0 | D:1      | 0 ||| qw: Do second Lair branch before Depths: true
     0 | D:1      | 0 ||| qw: Lair rune preference: random
     0 | D:1      | 0 ||| qw: Goals: Normal
     0 | D:1      | 0 ||| PLANNING D:1-11
    57 | D:1      | HP: 3/12 [jackal (2)]
    60 | D:1      | Reached XP level 2. HP: 5/16 MP: 4/4
    61 | D:1      | Reached skill level 6 in Ranged Weapons
   403 | D:1      | Reached XP level 3. HP: 16/20 MP: 5/5
   513 | D:1      | Found a faded altar of an unknown god.
   707 | D:1      | 707 ||| UPGRADING to ring of willpower.
   708 | D:1      | 708 ||| UPGRADING to ring of poison resistance.
   709 | D:1      | 709 ||| READING scroll labelled LUEFOA CISUSTRUG.
   710 | D:1      | 710 ||| READING scroll labelled DORPHUE PABOEZXAE.
   711 | D:1      | 711 ||| READING scroll labelled CUCYAD KADEA.
   712 | D:1      | 712 ||| READING scroll labelled HIUTAM SUATIUR.
   713 | D:1      | 713 ||| READING 2 scrolls labelled TARIAHO EFOL.
   714 | D:1      | 714 ||| DROPPING scroll of butterflies.
   768 | D:2      | Reached skill level 7 in Ranged Weapons
   865 | D:2      | Reached XP level 4. HP: 22/25 MP: 6/6
  1350 | D:2      | 1350 ||| UPGRADING to +0 helmet.
  1401 | D:2      | 1401 ||| READING scroll labelled HISCHO JEUNNAHA.
  1402 | D:2      | 1402 ||| READING 2 scrolls labelled WAIGOI HUVEVU.
  1403 | D:2      | 1403 ||| READING scroll labelled UDYISCH ZOLAS.
  1403 | D:2      | Identified a scroll of acquirement
  1403 | D:2      | 1403 ||| ACQUIRING +0 antimagic orcbow
  1403 | D:2      | Acquired a +0 antimagic orcbow
  1405 | D:2      | 1405 ||| SWAPPING to +0 antimagic orcbow.
  1406 | D:2      | 1406 ||| DROPPING +1 shortbow.
  1407 | D:2      | 1407 ||| READING scroll labelled FOUSEI SONTAE.
  1408 | D:2      | 1408 ||| DRINKING 2 fuming yellow potions.
  1453 | D:2      | 1453 ||| READING 2 scrolls of identify.
  1453 | D:2      | 1453 ||| IDENTIFYING orange potion
  1454 | D:2      | 1454 ||| DROPPING scroll of amnesia.
  1455 | D:2      | 1455 ||| DROPPING potion of attraction.
  1456 | D:2      | 1456 ||| DROPPING potion of lignification.
  1471 | D:3      | Found a blossoming altar of Fedhas.
  1475 | D:3      | 1475 ||| STAIRDANCE
  1477 | D:3      | Reached skill level 8 in Ranged Weapons
  1478 | D:3      | 1478 ||| STAIRDANCE
  1485 | D:2      | HP: 4/25 [orc/+0 club (4)]
  1488 | D:2      | HP: 1/25 [hobgoblin (1)]
  1492 | D:2      | Reached XP level 5. HP: 2/29 MP: 2/7
  1493 | D:2      | HP: 2/29 [hobgoblin (1)]
  1676 | D:3      | Noticed Natasha
  1678 | D:3      | Killed Natasha
  1758 | D:3      | 1758 ||| READING scroll of enchant armour.
  1758 | D:3      | 1758 ||| ENCHANTING +0 helmet.
  1857 | D:3      | Found a faded altar of an unknown god.
  1868 | D:3      | Noticed Natasha
  1875 | D:3      | Killed Natasha
  1876 | D:3      | Reached skill level 9 in Ranged Weapons
  1884 | D:3      | Noticed Natasha
  1888 | D:3      | Killed Natasha
  1889 | D:3      | Reached skill level 3 in Dodging
  1957 | D:3      | Found a shimmering blue altar of Sif Muna.
  2033 | D:3      | Found a runed translucent door.
  2034 | D:3      | Noticed Crazy Yiuf
  2195 | D:3      | 2195 ||| UPGRADING to +0 pair of gloves.
  2200 | D:3      | 2200 ||| UPGRADING to +6 ring of dexterity.
  2202 | D:3      | 2202 ||| READING scroll labelled FARGHOR BEYDE.
  2264 | D:4      | Reached XP level 6. HP: 35/35 MP: 2/8
  2270 | D:4      | 2270 ||| READING scroll labelled XEYJ DEOREOGILI.
  2277 | D:4      | 2277 ||| STAIRDANCE
  2518 | D:4      | 2518 ||| DRINKING 3 golden potions.
  2519 | D:4      | 2519 ||| READING 2 scrolls of identify.
  2519 | D:4      | 2519 ||| IDENTIFYING bubbling yellow potion
  2520 | D:4      | 2520 ||| DROPPING potion of ambrosia.
  2521 | D:4      | Found Wekahi's Assorted Antiques.
  2528 | D:4      | 2528 ||| STAIRDANCE
  2536 | D:4      | 2536 ||| BUYING embroidered robe (114 gold).
  2536 | D:4      | Bought an embroidered robe for 114 gold pieces
  2546 | D:4      | Identified the +1 ring mail of the Guilds {Contam +Blink
                  | rElec rN+}
  2670 | D:4      | 2670 ||| UPGRADING to +2 robe of positive energy.
  2680 | D:4      | 2680 ||| DROPPING +0 leather armour.
  2681 | D:4      | 2681 ||| UPGRADING to +1 ring mail of the Guilds {Contam
                  | +Blink rElec rN+}.
  2691 | D:4      | 2691 ||| DROPPING +2 robe of positive energy.
  2709 | D:5      | Entered Level 5 of the Dungeon
  2721 | D:5      | Noticed Ijyb
  2727 | D:5      | Killed Ijyb
  2728 | D:5      | 2728 ||| FLEEEEING.
  2732 | D:5      | Reached skill level 1 in Armour
  2754 | D:5      | 2754 ||| READING scroll of enchant armour.
  2754 | D:5      | 2754 ||| ENCHANTING +0 pair of gloves.
  2848 | D:5      | 2848 ||| Stepping ~*~*~tactically~*~*~ (outnumbered).
  2851 | D:5      | 2851 ||| Stepping ~*~*~tactically~*~*~ (outnumbered).
  2862 | D:5      | 2862 ||| DRINKING 2 potions of curing.
  2862 | D:5      | 2862 ||| (to cure confusion)
  2869 | D:5      | Reached skill level 10 in Ranged Weapons
  2869 | D:5      | Reached XP level 7. HP: 38/40 MP: 9/9
  2964 | D:5      | Noticed Pikel
  2979 | D:5      | Killed Pikel
  2980 | D:5      | Reached skill level 12 in Ranged Weapons
  2980 | D:5      | Reached XP level 8. HP: 16/44 MP: 10/10
  3104 | D:5      | 3104 ||| READING scroll of enchant armour.
  3104 | D:5      | 3104 ||| ENCHANTING +1 pair of gloves.
  3405 | D:5      | Noticed Grinder
  3414 | D:5      | Paralysed by Grinder for 5 turns
  3421 | D:5      | Killed Grinder
  3715 | D:5      | Found an ornate altar of the Wu Jian Council.
  3774 | D:5      | Found a staircase to the Ecumenical Temple.
  3775 | D:5      | 3775 ||| PLANNING TEMPLE
  3775 | D:5      | 3775 ||| READING scroll labelled SOBRE FALUPI.
  3776 | D:5      | 3776 ||| DRINKING 2 white potions.
  3777 | D:5      | 3777 ||| DRINKING 2 green potions.
  3778 | D:5      | 3778 ||| DROPPING potion of brilliance.
  3783 | Temple   | Entered the Ecumenical Temple
  3806 | Temple   | 3806 ||| PLANNING OKAWARU WORSHIP
  3912 | Temple   | Became a worshipper of Warmaster Okawaru
  3913 | Temple   | 3913 ||| PLANNING D:1-11
  3966 | D:6      | 3966 ||| PLANNING OSSUARY
  4155 | D:6      | Reached skill level 13 in Ranged Weapons
  4273 | D:6      | Found a sand-covered staircase.
  4274 | D:6      | 4274 ||| DRINKING 2 fuming inky potions.
  4282 | Ossuary  | Entered an ossuary
  4312 | Ossuary  | Reached XP level 9. HP: 52/52 MP: 11/11
  4319 | Ossuary  | Reached * piety under Okawaru
  4349 | Ossuary  | Reached skill level 1 in Invocations
  4419 | Ossuary  | Reached skill level 14 in Ranged Weapons
  4440 | Ossuary  | 4440 ||| FLEEEEING.
  4441 | Ossuary  | 4441 ||| FLEEEEING.
  4442 | Ossuary  | 4442 ||| FLEEEEING.
  4443 | Ossuary  | 4443 ||| FLEEEEING.
  4476 | Ossuary  | 4476 ||| READING 2 scrolls labelled YNOVIM XOCOPT.
  4577 | Ossuary  | 4577 ||| READING scroll labelled HULACH ZUSA.
  4578 | Ossuary  | 4578 ||| DRINKING 3 purple potions.
  4579 | Ossuary  | 4579 ||| DRINKING 2 fuming blue potions.
  4579 | Ossuary  | Gained mutation: You occasionally shout uncontrollably at
                  | your foes. [potion of mutation]
  4580 | Ossuary  | 4580 ||| DRINKING 2 bubbling orange potions.
  4581 | Ossuary  | 4581 ||| DRINKING 2 gluggy clear potions.
  4582 | Ossuary  | 4582 ||| DROPPING scroll of silence.
  4583 | Ossuary  | 4583 ||| DROPPING potion of degeneration.
  4593 | D:6      | 4593 ||| PLANNING D:1-11
  4858 | D:6      | Reached skill level 3 in Invocations
  4957 | D:6      | 4957 ||| INVOKING Heroism.
  4962 | D:6      | HP: 12/52 [wight/+4 trident of freezing (4)]
  4963 | D:6      | 4963 ||| DRINKING potion of heal wounds.
  5299 | D:7      | 5299 ||| INVOKING Heroism.
  5301 | D:7      | 5301 ||| Stepping ~*~*~tactically~*~*~ (outnumbered).
  5303 | D:7      | 5303 ||| Stepping ~*~*~tactically~*~*~ (outnumbered).
  5309 | D:7      | Reached skill level 6 in Dodging
  5351 | D:7      | 5351 ||| INVOKING Heroism.
  5354 | D:7      | 5354 ||| Stepping ~*~*~tactically~*~*~ (outnumbered).
  5377 | D:7      | 5377 ||| READING scroll of brand weapon.
  5377 | D:7      | 5377 ||| BRANDING +0 orcbow of draining.
  5419 | D:7      | Found a snail-covered altar of Cheibriados.
  5801 | D:7      | 5801 ||| DROPPING ring of wizardry.
  5802 | D:7      | 5802 ||| READING 2 scrolls of identify.
  5802 | D:7      | 5802 ||| IDENTIFYING grey potion
  5832 | D:8      | 5832 ||| INVOKING Heroism.
  5833 | D:8      | 5833 ||| Stepping ~*~*~tactically~*~*~ (outnumbered).
  5847 | D:8      | 5847 ||| Stepping ~*~*~tactically~*~*~ (outnumbered).
  5849 | D:8      | 5849 ||| Stepping ~*~*~tactically~*~*~ (outnumbered).
  5929 | D:8      | Noticed a komodo dragon
  5930 | D:8      | 5930 ||| INVOKING Heroism.
  5950 | D:8      | Reached skill level 15 in Ranged Weapons
  5960 | D:8      | 5960 ||| INVOKING Heroism.
  5961 | D:8      | Killed a komodo dragon
  6033 | D:8      | Found a staircase to the Lair.
  6034 | D:8      | 6034 ||| INVOKING Heroism.
  6051 | D:8      | Upgraded the game from 0.31-a0-202-g547052bce9 to
                  | 0.31-a0-204-g7da18cac08
  6051 | D:8      | 6051 ||| PLANNING LAIR
  6061 | D:8      | 6061 ||| INVOKING Heroism.
  6065 | D:8      | Reached XP level 10. HP: 30/56 MP: 12/15
  6067 | D:8      | 6067 ||| DRINKING potion of curing.
  6067 | D:8      | 6067 ||| (to cure confusion)
  6071 | D:8      | HP: 14/56 [killer bee (7)]
  6072 | D:8      | HP: 6/56 [something (4)]
  6074 | D:8      | HP: 2/56 [poisoned by a killer bee]
  6074 | D:8      | Killed from afar by an orc wizard

Levels and vault maps discovered:
D:1:      dpeg_arrival_rooms_a, layout_basic, nicolae_ecumenical_snake_handling,
          minmay_pentomino_s4
D:2:      layout_rooms, dk_noncrumbling_2, st_stairs_11, minmay_misc_feat_tower
D:3:      layout_rooms, fedhas_altar_3, nicolae_overflow_ecumenical_swirl,
          uniq_crazy_yiuf_cottage, uniq_terence, uniq_natasha
D:4:      layout_gridville, serial_shops, shop, hangedman_decor_push
D:5:      layout_gridville, lemuel_coloured_pillars_altar, uniq_grinder,
          uniq_ijyb, uniq_pikel
D:6:      layout_basic, chequers_ossuary_entry_cave
D:7:      nicolae_cairo_tiling_large_dashed, layout_loops_ring, slow_altar_1
D:8:      layout_gridville, due_lair_maze_entry_diamond,
          nicolae_looking_at_the_future
Temple:   nicolae_temple_superstar

Skill      XL: |  1  2  3  4  5  6  7  8  9 |
---------------+----------------------------+-----
Ranged Weapons | 6 7 8 9 10 12 13 15 | 15.8
Dodging        | 3 4 5 7 |  7.1
Fighting       | 2 4 |  4.0
Armour         | 1 |  1.2
Invocations    | 4 |  4.0
Stealth        | |  1.2

Action                     |  1- 3 |  4- 6 |  7- 9 | 10-12 || total
---------------------------+-------+-------+-------+-------++-------
   Fire: Shortbow          |   117 |    34 |       |       ||   151
         Orcbow            |       |   139 |   322 |     9 ||   470
 Invoke: Heroism           |       |       |     8 |       ||     8
    Use: Scroll            |     5 |    10 |     6 |       ||    21
         Potion            |       |     3 |     8 |     1 ||    12
 Armour: Leather armour    |     9 |    46 |       |       ||    55
         Ring mail         |       |     4 |    71 |    19 ||    94
  Dodge: Dodged            |    34 |    88 |   114 |    46 ||   282

Table legend:
 A = Non-vault XP
 B = Vault XP
 C = Vault XP percentage of total XP
 D = Non-vault monster count
 E = Vault monster count
 F = Vault count percentage of total count
                 A         B        C        D         E       F
            +---------+---------+-------+---------+---------+-------
      Total |    2662 |    3058 |  53.5 |     143 |      37 |  20.6
            +---------+---------+-------+---------+---------+-------
        D:1 |      49 |       7 |  12.5 |      25 |       5 |  16.7
        D:2 |      81 |      16 |  16.5 |      27 |       3 |  10.0
        D:3 |     156 |      35 |  18.3 |      17 |       1 |   5.6
        D:4 |     184 |       0 |   0.0 |      12 |       0 |   0.0
        D:5 |     737 |     955 |  56.4 |      21 |       3 |  12.5
        D:6 |     822 |       0 |   0.0 |      16 |       0 |   0.0
        D:7 |     320 |      18 |   5.3 |      15 |       1 |   6.2
        D:8 |     313 |    1225 |  79.6 |      10 |       9 |  47.4
    Ossuary |       0 |     802 | 100.0 |       0 |      15 | 100.0
            +---------+---------+-------+---------+---------+-------
